 Dungeon Crawl Stone Soup version 0.31.0-12-g77e489cdc1 (webtiles) character file.

Game seed: 12702439405403826474

231012 raguz the Eclecticist (level 19, -10/220 HPs)
             Began as a Djinni Hedge Wizard on Feb 27, 2024.
             Was the Champion of Makhleb.
             Mangled by a +1 glaive of protection (18 damage)
             ... animated by Zenata
             ... on level 1 of the Elven Halls on Feb 28, 2024.
             The game lasted 02:40:19 (30177 turns).

raguz the Eclecticist (Djinni Hedge Wizard)        Turns: 30177, Time: 02:40:20

Health: -10/220    AC: 29    Str:  9    XL:     19   Next: 77%
Gold:   1304       EV:  2    Int: 25    God:    Makhleb [******] SH: 10 Dex: 12

rFire   . . .        n - +9 scimitar (flame)
rCold   + + .        w - +0 kite shield {reflect}
rNeg    . . .        I - melded +2 robe {rC+}
rPois   ∞            r - melded +1 helmet "Ageobate" {Str+6}
rElec   .            J - melded +2 cloak {rCorr}
rCorr   .            O - melded +3 pair of gauntlets of War {Slay+5}
SInv    .            (boots unavailable)
Will    +....        a - amulet of regeneration
Stlth   ++           y - ring of protection from cold
HPRegen 1.36/turn    D - ring of protection from cold
MPRegen 0.00/turn

%: reflection, infuse magic (-11 HP)
@: tree-form
A: stationary, stasis, torment immunity, boosted hp, sickness immunity, (fire
resistance 2), (cold vulnerability 1), float, innate caster, HP casting, extra
vitality 1
}: 2/15 runes: barnacled, gossamer
a: Renounce Religion, Minor Destruction, Lesser Servant of Makhleb, Major
Destruction, Greater Servant of Makhleb


You were on level 1 of the Elven Halls.
You worshipped Makhleb.
Makhleb was exalted by your worship.
You were a tree.
You visited 6 branches of the dungeon, and saw 31 of its levels.
You also visited: Bailey, Gauntlet, Ice Cave and Volcano.

You collected 2380 gold pieces.
You spent 1076 gold pieces at shops.

Inventory:

Hand Weapons
 n - a +9 scimitar of flaming (weapon)
 t - the +6 long sword "Laigex" {freeze, Will++ Str+3}
   (You bought it in a shop on level 2 of the Orcish Mines)

   Str+3:     It affects your strength (+3).
   Will++:    It greatly increases your willpower.
Missiles
 N - 2 throwing nets
 Q - 3 datura-tipped darts
 T - 14 curare-tipped darts
Armour
 r - the +1 helmet "Ageobate" (melded) {Str+6}
   (You found it in a Gauntlet)

   Str+6:     It affects your strength (+6).
 w - a +0 kite shield of reflection (worn)
 I - a +2 robe of cold resistance (melded)
 J - a +2 cloak of preservation (melded)
 O - the +3 pair of gauntlets of War (melded) {Slay+5}
   (You found it in a Gauntlet)

   Slay+5:    It affects your accuracy & damage with ranged weapons and melee
   (+5).
Magical Staves
 l - a staff of air
Jewellery
 a - an amulet of regeneration (around neck)
 b - a ring of fire
 y - a ring of protection from cold (left branch)
 A - a +4 ring of protection
 D - a ring of protection from cold (right branch)
 G - a +5 ring of evasion
Talismans
 f - a granite talisman
Wands
 q - a wand of charming (38)
 u - a wand of mindburst (19)
 S - a wand of flame (24)
 U - a wand of roots (17)
 X - a wand of light (14)
Scrolls
 e - a scroll of enchant weapon
 g - 4 scrolls of fear
 h - 2 scrolls of immolation
 o - a scroll of silence {unknown}
 s - 3 scrolls of fog
 v - 4 scrolls of enchant armour
 E - 4 scrolls of poison
 F - 3 scrolls of blinking
 K - 2 scrolls of torment {unknown}
 M - a scroll of butterflies {unknown}
 Y - 3 scrolls of revelation
 Z - 8 scrolls of teleportation
Potions
 d - 14 potions of mutation
 i - 17 potions of curing
 j - 3 potions of invisibility
 k - 4 potions of haste
 m - 9 potions of brilliance
 p - 5 potions of might
 z - a potion of resistance {unknown}
 B - 14 potions of heal wounds
 C - a potion of lignification
 H - 2 potions of enlightenment
 L - a potion of berserk rage {unknown}
 R - 3 potions of ambrosia
 V - 5 potions of cancellation
Miscellaneous
 c - a phantom mirror
 x - a box of beasts
 P - a tin of tremorstones (2/2)
 W - a lightning rod (3/4) (quivered)


   Skills:
 + Level 16.5 Fighting
 * Level 10.8 Long Blades
 - Level 4.0 Armour
 - Level 13.1 Dodging
 - Level 1.5 Stealth
 + Level 7.7 Shields
 * Level 18.1 Spellcasting
 * Level 18.1 Conjurations
 * Level 18.1 Hexes
 * Level 18.1 Summonings
 * Level 18.1 Necromancy
 * Level 18.1 Translocations
 * Level 18.1 Fire Magic
 * Level 18.1 Ice Magic
 * Level 18.1 Air Magic
 * Level 18.1 Earth Magic
 * Level 18.1 Alchemy
 - Level 6.4 Evocations
 + Level 1.5 Shapeshifting


You knew the following spells:

 Your Spells              Type           Power      Damage    Failure   Level
a - Mephitic Cloud        Conj/Alch/Air  85%        N/A       0%          3
b - Necrotise             Necr           100%       1d9       0%          1
c - Summon Mana Viper     Hex/Summ       85%        N/A       1%          5
d - Scorch                Fire           100%       2d9       0%          2
e - Blink                 Tloc           100%       N/A       0%          2
f - Slow                  Hex            100%       N/A       0%          1
g - Magic Dart            Conj           100%       1d8       0%          1
h - Tukima's Dance        Hex            85%        N/A       0%          3
i - Animate Dead          Necr           85%        N/A       1%          4
j - Animate Armour        Summ/Erth      100%       N/A       1%          4
k - Call Imp              Summ           100%       N/A       0%          2
l - Eringya's Noxious Bo  Alch           42%        4d6       1%          6
m - Malign Gateway        Summ/Tloc      42%        N/A       4%          7
n - Starburst             Conj/Fire      42%        6d12      1%          6
Your spell library was empty.

Dungeon Overview and Level Annotations

Branches:
Dungeon (15/15)            Temple (0/1) D:7            Lair (5/5) D:8
 Shoals (4/4) Lair:3       Spider (4/4) Lair:2        Slime (0/5) Lair:5
    Orc (2/2) D:12            Elf (1/3) Orc:2        Vaults (0/5) D:14
 Depths (0/4) D:15         Bailey (visited)           IceCv (visited)
Volcano (visited)         Gauntlet (visited)

Altars:
Dithmenos
Makhleb
Okawaru
Qazlal
Ru
Trog
Xom
Yredelemnul
Jiyva

Shops:
D:4 *::   D:13 [   Orc:1 (   Orc:2 :(*[   Elf:1 [   Shoals:2 (*(=!

Annotations:
Lair:1 exclusion: 2 oklob plants
Lair:5 Rupert
Elf:1 Zenata


Innate Abilities, Weirdness & Mutations

You are a tree.
Your roots penetrate the ground, keeping you stationary.
You cannot be teleported.
You are immune to unholy pain and torment.
Your maximum health is greatly increased.
Your equipment is partially melded.
You are immune to sickness and miasma.
You are immune to poison.
((Your flesh is very heat resistant. (rF++)))
((You are vulnerable to cold. (rC-)))
You float through the air rather than walking.
You learn spells naturally, not from books.
Your magical power is your life essence.
You have superior vitality. (+4 MHP)


Message History

Press: ? - help, Dir - move target
As you read the scroll of blinking, it crumbles to dust.
Casting: Mephitic Cloud (safe; 0% risk of failure)
Confirm with . or Enter, or press ? or * to list all spells.
A mana viper appears with a sibilant hiss.
* * * LOW HITPOINT WARNING * * *
Makhleb accepts your kill.
You feel better.
You feel a bit more experienced.
You turn into a tree.
Your +2 cloak of preservation melds into your body.
The +1 helmet "Ageobate" {Str+6} melds into your body.
The +3 pair of gauntlets of War {Slay+5} melds into your body.
Your +2 robe of cold resistance melds into your body.
You feel less resistant to cold.
Your roots penetrate the ground.
The +2 heavy mace hits you!
* * * LOW HITPOINT WARNING * * *
You block the +1 glaive of protection's attack.
You block the +2 heavy mace's attack.
You miss the +2 heavy mace. Makhleb accepts your kill.
You feel better.
You feel a bit more experienced. You block the +2 heavy mace's attack.
You block the +1 glaive of protection's attack.
Your mana viper barely misses the +2 heavy mace.
Aiming: Thunderbolt
Press: ? - help, Shift-Dir - straight line, f - +2 heavy mace
Aim: a +2 heavy mace (summoned, fast, ally target)
The thunderbolt hits the +2 heavy mace.
The +2 heavy mace completely resists.
The thunderbolt hits the +1 glaive of protection.
The +1 glaive of protection completely resists.
The thunderbolt hits the fire elemental.
The fire elemental resists.
The fire elemental is heavily damaged.
You hear a shout!
The +2 heavy mace hits you!
* * * LOW HITPOINT WARNING * * *
The +1 glaive of protection hits you but does no damage.
Your mana viper bites the +2 heavy mace!!
The +1 glaive of protection hits you from afar!!
You die...

## #..# #. #..#
#.. #..# ...#..#
.#+###..#
........#
........#..# ..
......S♣#..#+###
.#####.(#.......
#E(#[.....
#.☼#..h...
#.☼#..# #.○#..#
#..a○.# #..#..#
#..#.○#


You could see Zenata (very poisoned, magic disrupted), a fire elemental, 2
dancing weapons and a friendly mana viper (summoned).

Vanquished Creatures
  Jorgrun (D:12)
  A kraken (Shoals:3)
  Agnes (Spider:2)
  Ilsuiw (Shoals:3)
  An emperor scorpion (Spider:4)
  3 ghost moths
  3 broodmothers (Spider:4)
  A minotaur (Gauntlet)
  A dire elephant (Lair:5)
  A blizzard demon (Gauntlet)
  A merfolk impaler (Shoals:3)
  2 entropy weavers
  3 merfolk javelineers
  Harold (D:11)
  5 vault guards (D:14)
  4 merfolk avatars
  A rakshasa (D:15)
  7 hydras
  4 radroaches
  A jorogumo (Spider:2)
  3 centaur warriors
  An alligator snapping turtle (Shoals:4)
  5 boulder beetles
  A merfolk aquamancer (Shoals:1)
  5 death yaks
  A satyr (Shoals:3)
  2 catoblepae
  2 two-headed ogres
  A hell hog (Lair:5)
  A demonic crawler (Spider:4)
  2 orc high priests (Orc:2)
  A deep elf knight (Elf:1)
  4 skeletal warriors (D:15)
  3 skysharks (Shoals:2)
  2 pharaoh ants
  6 sea snakes
  An orb spider (Spider:4)
  A glowing orange brain (Gauntlet)
  2 sun moths
  Pikel (D:4)
  5 steelbarb worms
  5 harpies
  3 deep elf zephyrmancers
  4 deep elf pyromancers
  Maurice (D:11)
  An orc knight (Bailey)
  11 wolf spiders
  5 manticores
  2 orc sorcerers (Orc:2)
  5 fauns
  11 ugly things
  A cyclops (Shoals:3)
  A centaur zombie (D:14)
  6 elephants
  A kobold blastminer (Orc:2)
  3 black mambas
  5 merfolk sirens
  A gargoyle (D:10)
  Maggie (D:6)
  3 torpor snails
  Joseph (D:7)
  2 cane toads (Lair:5)
  Jeremiah (D:7)
  7 water nymphs
  A death yak zombie (Lair:5)
  A rime drake (Lair:2)
  A kobold demonologist (D:10)
  3 redback zombies
  Psyche (D:10)
  A komodo dragon (Lair:4)
  A tengu conjurer (D:15)
  14 merfolk
  A demonic crawler zombie (Spider:4)
  4 wind drakes
  A human zombie (D:14)
  A queen bee (shapeshifter) (D:15)
  3 trolls
  A polar bear (shapeshifter) (D:14)
  7 polar bears (Lair:5)
  A tyrant leech (Spider:4)
  A hornet (D:11)
  Grinder (D:4)
  9 tarantellas
  A culicivora zombie (Spider:4)
  A raiju (Lair:5)
  2 slime creatures (D:15)
  2 snapping turtles
  A blink frog (Lair:3)
  8 dream sheep
  2 centaur simulacra (D:14)
  10 jumping spiders
  A shadow (D:11)
  14 culicivoras
  10 water elementals
  19 yaks
  A yak (shapeshifter) (D:12)
  2 wyverns (Lair:5)
  A fire bat (Volcano)
  Eustachio (D:4)
  3 hogs (D:13)
  A death yak simulacrum (Lair:3)
  A wraith (D:11)
  6 vampire mosquitoes
  4 basilisks
  3 wargs
  24 redbacks
  3 steam dragons
  2 acid dragons (D:10)
  9 water moccasins
  2 hydra simulacra (IceCv)
  3 hell hounds (Lair:5)
  Duvessa (D:6)
  13 orc warriors
  3 ice beasts
  2 sky beasts
  7 black bears
  2 dream sheep zombies (Shoals:3)
  A laughing skull (D:14)
  2 merfolk zombies (Shoals:3)
  17 wolves
  9 boggarts (D:15)
  3 centaurs
  4 ogres
  A phantom (D:6)
  3 lemures (D:4)
  3 bullfrogs
  5 kobold brigands (Bailey)
  A warg zombie (Orc:2)
  A scorpion (D:4)
  A water moccasin zombie (Lair:5)
  9 wights
  Dowan (D:6)
  3 elephant simulacra (IceCv)
  3 killer bees
  2 yak zombies
  6 electric eels
  2 lava snakes (Volcano)
  A howler monkey (D:11)
  A bombardier beetle (D:6)
  A crimson imp (D:5)
  4 hounds (D:5)
  Crazy Yiuf (D:7)
  22 orc priests
  2 gnoll boudas
  A sleepcap (D:4)
  25 orc wizards
  An iguana (D:5)
  A boggart zombie (D:15)
  A polar bear simulacrum (Lair:3)
  A statue (D:7)
  A wolf simulacrum (Lair:3)
  A boggart simulacrum (D:15)
  7 gnolls
  7 adders
  4 ufetubi (D:6)
  2 dart slugs (D:1)
  2 ribbon worms
  The ghost of DanteGrimm the Gusty, a weakling TeAE (D:3)
  67 orcs
  7 endoplasms
  8 giant cockroaches
  12 goblins
  7 hobgoblins
  3 jackals (D:5)
  14 kobolds
  2 quokkas
  8 ball pythons
  5 bats
  3 frilled lizards
  3 jackal zombies (D:5)
  18 orc zombies
  8 rats
  A tentacle (Shoals:3)
722 creatures vanquished.

Vanquished Creatures (collateral kills)
  Kirke (D:13)
  Frances (D:14)
  Roxanne (Shoals:4)
  A frost giant (Shoals:4)
  Louise (Shoals:1)
  2 ghost moths
  3 emperor scorpions
  3 broodmothers (Spider:4)
  A formless jellyfish (Shoals:4)
  Nessos (D:13)
  A spark wasp (Spider:1)
  Josephine (Orc:2)
  An entropy weaver (Spider:1)
  2 merfolk javelineers
  4 merfolk impalers (Shoals:4)
  Erolcha (D:13)
  3 vault guards (D:14)
  Erica (D:8)
  A radroach (Spider:4)
  7 boulder beetles
  3 merfolk aquamancers
  A death yak (Lair:4)
  A centaur warrior (D:15)
  2 alligator snapping turtles (Shoals:4)
  6 demonic crawlers
  2 two-headed ogres
  2 orc high priests (Orc:2)
  A hell hog (Volcano)
  4 sun demons (Shoals:4)
  Sonja (Lair:5)
  The ghost of dogverified the Poker, a novice GnCA of Ignis (D:7)
  A pharaoh ant (Spider:1)
  A fire crab (Volcano)
  3 skysharks
  5 sea snakes
  2 arcanists
  10 orb spiders
  2 steelbarb worms
  A sun moth (Shoals:4)
  A necromancer (D:15)
  13 wolf spiders
  A broodmother zombie (Spider:4)
  2 harpies (Shoals:1)
  2 fauns
  An oklob plant (Lair:1)
  2 cyclopes (D:13)
  9 elephants
  6 manticores
  2 ugly things
  A centaur zombie (D:15)
  3 moths of wrath (Spider:4)
  A kobold blastminer (Orc:2)
  4 water nymphs
  2 molten gargoyles (Volcano)
  4 black mambas
  5 merfolk sirens
  4 cane toads
  A gargoyle (D:14)
  An efreet (D:13)
  A rime drake (Lair:3)
  3 komodo dragons
  A tengu conjurer (D:15)
  4 polar bears
  6 merfolk
  A queen bee (Gauntlet)
  3 tyrant leeches (Spider:4)
  2 trolls
  2 wind drakes
  10 tarantellas
  A jumping spider zombie (Spider:4)
  5 snapping turtles
  7 jumping spiders
  3 blink frogs (Lair:3)
  A slime creature (D:14)
  7 culicivoras
  A wyvern (Lair:4)
  4 wraiths (Orc:2)
  4 water elementals
  9 yaks
  A wyvern (shapeshifter) (D:14)
  A fire bat (Volcano)
  3 basilisks
  A golden eye (Lair:1)
  4 wargs (Lair:5)
  20 redbacks
  A steam dragon (Volcano)
  Grum (D:8)
  2 vampire mosquitoes (D:12)
  8 water moccasins
  13 hell hounds
  10 orc warriors
  3 laughing skulls
  A hornet zombie (D:15)
  7 black bears (Lair:5)
  An ogre (Orc:1)
  8 wolves
  5 centaurs
  2 kobold brigands
  3 bullfrogs
  3 wights
  2 elephant simulacra (Lair:3)
  4 killer bees (Gauntlet)
  2 lava snakes (Volcano)
  A gnoll bouda (D:6)
  An iguana (D:3)
  15 orc priests
  8 orc wizards
  A wolf simulacrum (Lair:3)
  4 gnolls
  4 adders
  A shadow imp (D:7)
  An orc zombie (Orc:2)
  2 ribbon worms
  25 orcs
  2 ball pythons
  3 endoplasms
  A giant cockroach (D:1)
  A goblin (D:2)
  3 hobgoblins
  A jackal (D:5)
  A kobold (Bailey)
  A rat (D:2)
  A butterfly (D:7)
  A tentacle (Shoals:3)
410 creatures vanquished.

Vanquished Creatures (others)
  14 eldritch tentacles
  A deep elf sorcerer (Elf:1)
  An emperor scorpion zombie (Spider:4)
  A sea snake (Shoals:4)
  A broodmother zombie (Spider:4)
  A manticore (Shoals:3)
  2 wolf spider zombies (Spider:4)
  A dire elephant zombie (Lair:5)
  3 steelbarb worm zombies (Spider:4)
  11 redback zombies
  A demonic crawler zombie (Spider:4)
  2 tarantella zombies (Spider:3)
  7 jumping spider zombies
  3 culicivora zombies
  A boulder beetle zombie (Spider:4)
  A satyr zombie (Shoals:3)
  A radroach zombie (Spider:4)
  A black mamba zombie (Lair:5)
  A dancing weapon (D:7)
  A wind drake zombie (Shoals:3)
  A tyrant leech zombie (Spider:4)
  A steam dragon (Volcano)
  2 human zombies
  3 faun zombies (Shoals:3)
  2 entropy weaver zombies
  2 cane toad zombies
  A dream sheep zombie (Shoals:3)
  2 blink frog zombies (Lair:3)
  5 elephant zombies
  4 merfolk zombies (Shoals:3)
  A fire crab zombie (Volcano)
  A komodo dragon zombie (Lair:5)
  2 hell hound zombies (Lair:5)
  A wyvern zombie (Lair:5)
  2 cyclops zombies
  4 warg zombies (Lair:5)
  6 water moccasin zombies
  10 polar bear zombies (Lair:5)
  A raiju zombie (Lair:5)
  9 yak zombies
  4 wolf zombies
  5 centaur zombies
  An orc priest (D:8)
  4 black bear zombies (Lair:5)
  2 boggart zombies (D:15)
  An orc wizard (Orc:2)
  An ogre zombie (Orc:1)
  A sky beast zombie (D:7)
  A hound zombie (D:5)
  2 steam dragon zombies (Volcano)
  2 adder zombies (Lair:2)
  4 gnoll zombies
  A jackal zombie (D:5)
  9 kobold zombies
  48 orc zombies
  6 tentacles (Shoals:3)
207 creatures vanquished.

Grand Total: 1339 creatures vanquished

Notes
Turn   | Place    | Note
-------+----------+-------------------------------------------
     0 | D:1      | raguz the Djinni Hedge Wizard began the quest for the Orb.
     0 | D:1      | raguz set off with the following spells memorised: Magic
                  | Dart, Slow, Blink, Call Imp, Mephitic Cloud.
     0 | D:1      | Reached XP level 1. HP: 15/15 MP: 0/0
   105 | D:1      | Reached XP level 2. HP: 17/22 MP: 0/0
   269 | D:1      | Reached skill level 1 in Fighting
   428 | D:1      | Reached XP level 3. HP: 26/27 MP: 0/0
   428 | D:1      | Learned a level 1 spell: Necrotise
   947 | D:2      | Reached XP level 4. HP: 30/32 MP: 0/0
  1483 | D:3      | Reached XP level 5. HP: 32/38 MP: 0/0
  1483 | D:3      | Learned a level 2 spell: Scorch
  1492 | D:3      | Identified the +5 dagger of the Many Tables {vamp, Int+3}
  1918 | D:3      | Found a runed translucent door.
  1919 | D:3      | Noticed DanteGrimm's ghost (weakling TeAE)
  1928 | D:3      | Killed DanteGrimm's ghost
  1929 | D:3      | Reached XP level 6. HP: 31/45 MP: 0/0
  1996 | D:3      | Found a faded altar of an unknown god.
  2211 | D:4      | Noticed a black bear
  2215 | D:4      | Killed a black bear
  2216 | D:4      | Reached skill level 5 in Spellcasting
  2216 | D:4      | Reached skill level 5 in Conjurations
  2216 | D:4      | Reached skill level 5 in Hexes
  2216 | D:4      | Reached skill level 5 in Summonings
  2216 | D:4      | Reached skill level 5 in Necromancy
  2216 | D:4      | Reached skill level 5 in Translocations
  2216 | D:4      | Reached skill level 5 in Fire Magic
  2216 | D:4      | Reached skill level 5 in Ice Magic
  2216 | D:4      | Reached skill level 5 in Air Magic
  2216 | D:4      | Reached skill level 5 in Earth Magic
  2216 | D:4      | Reached skill level 5 in Alchemy
  2220 | D:4      | Reached XP level 7. HP: 43/50 MP: 0/0
  2220 | D:4      | Learned a level 3 spell: Tukima's Dance
  2421 | D:4      | Found Cases's Book Boutique.
  2421 | D:4      | Found Ziyf's Book Boutique.
  2422 | D:4      | Found Peipper's General Store.
  2482 | D:4      | Noticed Pikel
  2522 | D:4      | Killed Pikel
  2523 | D:4      | Reached XP level 8. HP: 42/58 MP: 0/0
  2668 | D:4      | Noticed Grinder
  2677 | D:4      | Killed Grinder
  2678 | D:4      | Reached skill level 5 in Fighting
  2711 | D:4      | Noticed Eustachio
  2762 | D:4      | Killed Eustachio
  3064 | D:5      | Entered Level 5 of the Dungeon
  3109 | D:5      | Reached XP level 9. HP: 63/66 MP: 0/0
  3109 | D:5      | Learned a level 4 spell: Animate Dead
  3327 | D:5      | Found a bloodstained altar of Trog.
  3816 | D:5      | Found a burning altar of Makhleb.
  4298 | D:6      | Noticed Maggie
  4311 | D:6      | Killed Maggie
  4363 | D:6      | Reached XP level 10. HP: 68/75 MP: 0/0
  4638 | D:6      | Noticed Dowan
  4638 | D:6      | Noticed Duvessa
  4660 | D:6      | Killed Dowan
  4669 | D:6      | Killed Duvessa
  5027 | D:7      | Noticed a two-headed ogre
  5033 | D:7      | Killed a two-headed ogre
  5084 | D:7      | Noticed Jeremiah
  5110 | D:7      | Reached skill level 10 in Spellcasting
  5110 | D:7      | Reached skill level 10 in Conjurations
  5110 | D:7      | Reached skill level 10 in Hexes
  5110 | D:7      | Reached skill level 10 in Summonings
  5110 | D:7      | Reached skill level 10 in Necromancy
  5110 | D:7      | Reached skill level 10 in Translocations
  5110 | D:7      | Reached skill level 10 in Fire Magic
  5110 | D:7      | Reached skill level 10 in Ice Magic
  5110 | D:7      | Reached skill level 10 in Air Magic
  5110 | D:7      | Reached skill level 10 in Earth Magic
  5110 | D:7      | Reached skill level 10 in Alchemy
  5182 | D:7      | Killed Jeremiah
  5445 | D:7      | Found a shimmering altar of Xom.
  5448 | D:7      | Found a basalt altar of Yredelemnul.
  5535 | D:5      | Became a worshipper of Makhleb the Destroyer
  5619 | D:7      | Noticed Joseph
  5642 | D:7      | Killed Joseph
  5665 | D:7      | Found a staircase to the Ecumenical Temple.
  5721 | D:7      | Found a runed translucent door.
  5728 | D:7      | Noticed dogverified's ghost (novice GnCA)
  5807 | D:7      | Found a runed translucent door.
  5808 | D:7      | Noticed Crazy Yiuf
  5814 | D:7      | Killed Crazy Yiuf
  6101 | D:8      | Noticed Erica
  6342 | D:8      | Found a staircase to the Lair.
  6396 | D:8      | Noticed Grum
  6401 | D:8      | Reached XP level 11. HP: 77/82 MP: 0/0
  6401 | D:8      | Learned a level 4 spell: Animate Armour
  6406 | D:8      | Killed Grum
  6571 | D:8      | Killed Erica
  6957 | D:9      | Found a shadowy altar of Dithmenos.
  7051 | D:9      | Identified the +8 whip of Greed {venom, rPois}
  7066 | D:9      | Reached * piety under Makhleb
  7552 | D:10     | Entered Level 10 of the Dungeon
  7579 | D:10     | Found a flagged portal.
  7589 | Bailey   | Entered a bailey
  7642 | Bailey   | Noticed an orc knight
  7662 | Bailey   | Reached skill level 5 in Dodging
  7667 | Bailey   | Killed an orc knight
  7700 | Bailey   | Found an iron altar of Okawaru.
  7714 | Bailey   | Identified the +8 halberd "Orb Guardian's Regret" {speed,
                  | rCorr Int-5 Dex+2 Stlth+}
  7884 | D:10     | Noticed a red ugly thing
  7895 | D:10     | Killed a red ugly thing
  8034 | D:10     | Noticed Psyche
  8038 | D:10     | Killed Psyche
  8066 | D:10     | Found a stormy altar of Qazlal.
  8157 | D:10     | Reached ** piety under Makhleb
  8165 | D:10     | Reached XP level 12. HP: 89/91 MP: 0/0
  8170 | D:10     | Reached skill level 10 in Fighting
  8358 | D:10     | Found an iron altar of Okawaru.
  8510 | D:10     | Found a sacrificial altar of Ru.
  8561 | D:11     | Noticed a boulder beetle
  8584 | D:11     | Killed a boulder beetle
  8823 | D:11     | Noticed Harold
  8866 | D:11     | Killed Harold
  8912 | D:11     | Noticed Maurice
  8925 | D:11     | Noticed a boulder beetle
  8928 | D:11     | Killed Maurice
  8948 | D:11     | Killed a boulder beetle
  9077 | D:11     | Noticed a two-headed ogre
  9089 | D:11     | Killed a two-headed ogre
  9404 | D:12     | Found a staircase to the Orcish Mines.
  9518 | Lair:1   | Entered Level 1 of the Lair of Beasts
  9741 | Lair:1   | Reached *** piety under Makhleb
  9799 | Lair:1   | Identified the +0 leather armour of the Shore {rN+ Will+
                  | Slay+2}
 10839 | Lair:2   | Noticed a seven-headed hydra
 10891 | Lair:2   | Reached XP level 13. HP: 99/99 MP: 0/0
 10891 | Lair:2   | Learned a level 5 spell: Summon Mana Viper
 11132 | Lair:2   | Killed a seven-headed hydra
 11164 | Lair:2   | Found a dark tunnel.
 11171 | Volcano  | Entered a volcano
 11399 | Volcano  | Found a bloodstained altar of Trog.
 11684 | Volcano  | Reached skill level 1 in Armour
 11858 | Lair:2   | Found a hole to the Spider Nest.
 12089 | Lair:2   | Noticed a six-headed hydra
 12115 | Lair:2   | Killed a six-headed hydra
 12118 | Lair:2   | Reached **** piety under Makhleb
 12197 | Lair:2   | Found the +8 whip "Snakebite" {venom, curare, rPois}
 12379 | Lair:3   | Noticed a four-headed hydra
 12381 | Lair:3   | Found a staircase to the Shoals.
 12384 | Lair:3   | Killed a four-headed hydra
 12441 | Lair:3   | Found a frozen archway.
 12441 | Lair:3   | You are sucked into a shaft and drop 2 floors!
 12441 | Lair:5   | Entered Level 5 of the Lair of Beasts
 12441 | Lair:5   | Noticed Rupert
 12560 | IceCv    | Entered an ice cave
 12640 | IceCv    | Found a transporter.
 12652 | IceCv    | Found a transporter.
 12781 | Lair:3   | Noticed a six-headed hydra
 12790 | Lair:3   | Killed a six-headed hydra
 12971 | Lair:3   | Reached XP level 14. HP: 101/107 MP: 0/0
 13471 | Lair:4   | Reached ***** piety under Makhleb
 13472 | Lair:4   | Reached skill level 10 in Dodging
 14265 | Orc:1    | Entered Level 1 of the Orcish Mines
 14396 | Orc:2    | Entered Level 2 of the Orcish Mines
 14563 | D:12     | Noticed Jorgrun
 14578 | D:12     | Killed Jorgrun
 15171 | D:13     | Noticed Erolcha
 15183 | D:13     | Killed Erolcha
 15215 | D:13     | Noticed Kirke
 15234 | D:13     | Killed Kirke
 15346 | D:13     | Noticed Nessos
 15375 | D:13     | Killed Nessos
 15458 | D:13     | Your ally Nessos died
 15468 | D:13     | Found a gate leading to a gauntlet.
 15477 | Gauntlet | Entered a Gauntlet
 15477 | Gauntlet | Found a transporter.
 15477 | Gauntlet | Found a transporter.
 15477 | Gauntlet | Found a large runed translucent door.
 15477 | Gauntlet | Found a large runed translucent door.
 15477 | Gauntlet | Found a large runed translucent door.
 15477 | Gauntlet | Found a large runed translucent door.
 15477 | Gauntlet | Found a large runed translucent door.
 15477 | Gauntlet | Found a large runed translucent door.
 15477 | Gauntlet | Found a runed translucent door.
 15477 | Gauntlet | Found a runed translucent door.
 15477 | Gauntlet | Found a large runed translucent door.
 15477 | Gauntlet | Found a large runed translucent door.
 15477 | Gauntlet | Found a large runed translucent door.
 15477 | Gauntlet | Found a large runed translucent door.
 15477 | Gauntlet | Found a large runed translucent door.
 15477 | Gauntlet | Found a large runed translucent door.
 15482 | Gauntlet | Found a large runed translucent door.
 15482 | Gauntlet | Found a large runed translucent door.
 15482 | Gauntlet | Found a large runed translucent door.
 15482 | Gauntlet | Found a large runed translucent door.
 15483 | Gauntlet | Found a transporter.
 15491 | Gauntlet | Found a runed translucent gate.
 15491 | Gauntlet | Found a runed translucent gate.
 15492 | Gauntlet | Found a runed translucent gate.
 15493 | Gauntlet | Found a transporter.
 15512 | Gauntlet | Found a transporter.
 15520 | Gauntlet | Found a transporter.
 15522 | Gauntlet | Found a transporter.
 15522 | Gauntlet | Found a transporter.
 15526 | Gauntlet | Found a transporter.
 15560 | Gauntlet | Found a transporter.
 15569 | Gauntlet | Found a transporter.
 15615 | Gauntlet | Found a transporter.
 15631 | Gauntlet | Found a transporter.
 15721 | Gauntlet | Found a transporter.
 15730 | Gauntlet | Found a transporter.
 15738 | Gauntlet | Noticed a quicksilver ooze
 15744 | Gauntlet | Found a transporter.
 15859 | Gauntlet | Identified the +1 helmet "Ageobate" {Str+6}
 16029 | Gauntlet | Reached XP level 15. HP: 79/115 MP: 0/0
 16029 | Gauntlet | Learned a level 6 spell: Eringya's Noxious Bog
 16079 | Gauntlet | Found the +3 pair of gauntlets of War {Slay+5}
 16079 | Gauntlet | Identified the ring "Haclix" {Fire *Corrode rPois Str+4
                  | Dex+4}
 16486 | D:13     | Found Fraech's Dragon-Slaying Spoils.
 16558 | D:13     | Reached skill level 15 in Spellcasting
 16558 | D:13     | Reached skill level 15 in Conjurations
 16558 | D:13     | Reached skill level 15 in Hexes
 16558 | D:13     | Reached skill level 15 in Summonings
 16558 | D:13     | Reached skill level 15 in Necromancy
 16558 | D:13     | Reached skill level 15 in Translocations
 16558 | D:13     | Reached skill level 15 in Fire Magic
 16558 | D:13     | Reached skill level 15 in Ice Magic
 16558 | D:13     | Reached skill level 15 in Air Magic
 16558 | D:13     | Reached skill level 15 in Earth Magic
 16558 | D:13     | Reached skill level 15 in Alchemy
 17307 | Orc:2    | Noticed Josephine
 17321 | Orc:2    | Killed Josephine
 17324 | Orc:2    | Reached ****** piety under Makhleb
 17400 | Orc:2    | Found Ittizair's General Store.
 17400 | Orc:2    | Found Lappuisk's Armour Emporium.
 17401 | Orc:2    | Found Uxekis's Antique Weapon Shoppe.
 17405 | Orc:2    | Found Etuos's Book Shoppe.
 17408 | Orc:2    | Bought a potion of attraction for 30 gold pieces
 17408 | Orc:2    | Bought a scroll of identify for 20 gold pieces
 17408 | Orc:2    | Bought a staff of air for 250 gold pieces
 17466 | Orc:2    | Found a staircase to the Elven Halls.
 17534 | Orc:2    | Your ally Josephine died
 17774 | Orc:1    | Found Qubolao's Weapon Boutique.
 18262 | D:14     | Noticed Frances
 18273 | D:14     | Killed Frances
 18687 | D:14     | Found a gate to the Vaults.
 18845 | D:15     | Entered Level 15 of the Dungeon
 19168 | Lair:5   | Reached skill level 1 in Evocations
 19206 | Lair:5   | Found a staircase to the Slime Pits.
 19206 | Lair:5   | Found a viscous altar of Jiyva.
 19332 | Lair:5   | Reached XP level 16. HP: 123/123 MP: 0/0
 19358 | Lair:5   | Noticed Sonja
 19366 | Lair:5   | Killed Sonja
 20367 | Orc:2    | Bought a crude morningstar for 279 gold pieces
 20367 | Orc:2    | Identified the +3 morningstar of Law {drain, Str-2 Int+3
                  | SInv} (You bought it in a shop on level 2 of the Orcish
                  | Mines)
 20369 | Orc:2    | Bought a translucent long sword for 263 gold pieces
 20369 | Orc:2    | Identified the +6 long sword "Laigex" {freeze, Will++
                  | Str+3} (You bought it in a shop on level 2 of the Orcish
                  | Mines)
 20523 | D:15     | Reached skill level 1 in Long Blades
 21229 | D:15     | Found a staircase to the Depths.
 21559 | Spider:1 | Entered Level 1 of the Spider Nest
 21674 | Spider:1 | Reached skill level 1 in Shields
 22106 | Spider:1 | Reached skill level 5 in Evocations
 22126 | Spider:1 | Reached XP level 17. HP: 105/130 MP: 0/0
 22126 | Spider:1 | Learned a level 7 spell: Malign Gateway
 22251 | Spider:1 | Reached skill level 15 in Fighting
 22931 | Spider:2 | Reached skill level 5 in Long Blades
 23253 | Spider:2 | Noticed Agnes
 23264 | Spider:2 | Killed Agnes
 24464 | Spider:4 | Entered Level 4 of the Spider Nest
 24739 | Spider:4 | Reached XP level 18. HP: 117/138 MP: 0/0
 24895 | Spider:4 | Reached skill level 5 in Shields
 25013 | Spider:4 | Identified the +8 war axe "Esaillue" {speed, rPois rF++ rN+
                  | Str+3}
 25410 | Spider:4 | Got a gossamer rune of Zot
 25528 | Spider:4 | Identified the +2 hat of Uskayaw's Castigation {*Slow rPois
                  | Str-3 Stlth+}
 25700 | Shoals:1 | Entered Level 1 of the Shoals
 25700 | Shoals:1 | Noticed Louise
 25709 | Shoals:1 | Killed Louise
 26526 | Shoals:2 | Found Townolaf's Antique Weapon Emporium.
 26597 | Shoals:2 | Bought an ichor-stained scimitar for 234 gold pieces
 26597 | Shoals:2 | Identified the +5 scimitar of the Flying Queen {holy,
                  | *Corrode rPois Int+2} (You bought it in a shop on level 2
                  | of the Shoals)
 26600 | Shoals:2 | Found Coloxyun's Assorted Antiques.
 26606 | Shoals:2 | Found Taplu's Weapon Shop.
 26612 | Shoals:2 | Found Tatoasse's Jewellery Emporium.
 26741 | Shoals:2 | Identified the +3 long sword of Okawaru, Forging {venom,
                  | Will+}
 26883 | Shoals:2 | Found Oddef's Distillery.
 27662 | Shoals:3 | Noticed Ilsuiw
 27670 | Shoals:3 | Reached XP level 19. HP: 139/145 MP: 0/0
 27670 | Shoals:3 | Learned a level 6 spell: Starburst
 27678 | Shoals:3 | Killed Ilsuiw
 27793 | Shoals:3 | Your ally Ilsuiw died
 28144 | Shoals:3 | Identified the +2 ring mail of the End {Str-2 Int+4 Dex+3}
 28328 | Shoals:4 | Entered Level 4 of the Shoals
 28346 | Shoals:4 | Reached skill level 10 in Long Blades
 28727 | Shoals:4 | Got a barnacled rune of Zot
 28790 | Shoals:4 | Noticed Roxanne
 28801 | Shoals:4 | Killed Roxanne
 29175 | Shoals:4 | Reached skill level 1 in Shapeshifting
 29931 | D:7      | Killed dogverified's ghost
 30139 | Elf:1    | Entered Level 1 of the Elven Halls
 30148 | Elf:1    | Found Sautoet's Antique Armour Shop.
 30148 | Elf:1    | Noticed Zenata
 30175 | Elf:1    | HP: 11/220 [+2 heavy mace[Zenata] (9)]
 30177 | Elf:1    | Mangled by a +1 glaive of protection

Illustrated notes

Levels and vault maps discovered:
D:1:      dpeg_arrival_tiny_a, layout_basic, minmay_tetromino_s2
D:2:      minmay_wonky_spiral, layout_basic
D:3:      layout_rooms, dreamdust_ecumenical_altar_hidden_monk_grotto,
          ebering_ghost_reflecting_pool
D:4:      minmay_angry_zag, layout_loops_ring, old_standard_altar,
          nicolae_shop_distant_corner_stores, grunt_ministairs_7,
          minmay_three_crescents, uniq_eustachio, uniq_pikel, uniq_grinder
D:5:      layout_layer_cave, makhleb_grotto_becter, mainiacjoe_overflow_alcove_4
D:6:      nicolae_cairo_tiling, layout_basic, uniq_duvessa, uniq_maggie
D:7:      layout_loops_cross, vehumet_statue, jmf_multi_god_temple2,
          minmay_temple_entry_butterflies, ebering_ghost_reflecting_pool,
          uniq_crazy_yiuf_cottage, uniq_jeremiah, uniq_joseph
D:8:      nicolae_cairo_tiling_very_big, layout_loops_ring,
          amcnicky_mini_rare_corridor_liquid, uniq_grum, uniq_erica
D:9:      layout_loops_cross, kennysheep_mini
D:10:     layout_roguey [special_room_orc], nicolae_ru_path_of_blood,
          mainiacjoe_overflow_cross_hatched, grunt_qazlal_sundering,
          enter_bailey_5, uniq_psyche
D:11:     layout_loops_ring, minmay_door_square, uniq_maurice, uniq_harold
D:12:     layout_loops_cross, orc_0_dummy, uniq_jorgrun
D:13:     layout_irregular_city, gauntlet_entry_generic,
          nicolae_shop_dragon_depot, grunt_ministairs_12, uniq_kirke,
          uniq_erolcha, uniq_nessos
D:14:     layout_cave_pools, erik_vaults_2, minmay_staircase_bubble,
          grunt_ministairs_12, uniq_frances
D:15:     grunt_enter_depths_magical_seal, layout_basic, minivault_25
Lair:1:   layout_layer_cave, disabler_island
Lair:2:   minmay_guarded_unrand_snakebite, layout_loops_ring,
          dummy_spider_entry, nicolae_volcano_entry_lava_flow,
          dreamdust_gnoll_shepherd
Lair:3:   layout_gridlike, minmay_shoals_entry_centaurs,
          portal_ice_cave_entry_ice_simulacra, columned_hall_lemuel
Lair:4:   layout_roguey, nicolae_lair_yak_garden
Lair:5:   hangedman_lair_caniforms_friends, layout_loops_ring, slime_entry_1,
          uniq_rupert, uniq_sonja
Shoals:1: layout_shoals, nicolae_shoals_seven_spires, uniq_louise
Shoals:2: layout_shoals, serial_shops, nicolae_shop_peninsula, shop,
          nicolae_shop_industrial_runoff, shop, nicolae_shop_hallway_stairs,
          argonaut_gorgonesque
Shoals:3: layout_shoals, uniq_ilsuiw
Shoals:4: shoals_end_grunt_ice, layout_shoals, nicolae_shoals_bring_sunscreen,
          uniq_roxanne
Spider:1: layout_spider_delve, einodemon_crawler_minivault
Spider:2: layout_chambers, hangedman_spider_tarantella_strand, uniq_agnes
Spider:3: layout_cave_pods
Spider:4: guppyfry_spider_rune, hangedman_stitches_earthworm
Orc:1:    layout_diamond_mine, serial_shops, nicolae_shop_bloodbath_and_beyond
Orc:2:    st_orc_mages, layout_caves, uniq_josephine
Elf:1:    layout_onion_city, serial_shops, shop, shop, shop_coins,
          nicolae_shop_trees, hangedman_elf_disciples, uniq_zenata

Skill      XL: |  1  2  3  4  5  6  7  8  9 10 11 12 13 14 15 16 17 18 19 |
---------------+----------------------------------------------------------+-----
Fighting       | 1 2 3 4 5 7 8 9 11 12 13 14 15 16 | 16.5
Spellcasting   | 4 5 6 7 9 10 11 12 13 14 15 16 17 18 | 18.1
Conjurations   | 4 5 6 7 9 10 11 12 13 14 15 16 17 18 | 18.1
Hexes          | 4 5 6 7 9 10 11 12 13 14 15 16 17 18 | 18.1
Summonings     | 4 5 6 7 9 10 11 12 13 14 15 16 17 18 | 18.1
Necromancy     | 4 5 6 7 9 10 11 12 13 14 15 16 17 18 | 18.1
Translocations | 4 5 6 7 9 10 11 12 13 14 15 16 17 18 | 18.1
Fire Magic     | 4 5 6 7 9 10 11 12 13 14 15 16 17 18 | 18.1
Ice Magic      | 4 5 6 7 9 10 11 12 13 14 15 16 17 18 | 18.1
Air Magic      | 4 5 6 7 9 10 11 12 13 14 15 16 17 18 | 18.1
Earth Magic    | 4 5 6 7 9 10 11 12 13 14 15 16 17 18 | 18.1
Alchemy        | 4 5 6 7 9 10 11 12 13 14 15 16 17 18 | 18.1
Dodging        | 5 8 9 11 12 13 | 13.1
Armour         | 3 4 |  4.0
Evocations     | 2 5 6 |  6.4
Long Blades    | 4 7 9 10 | 10.8
Shields        | 1 4 6 7 |  7.7
Shapeshifting  | 1 |  1.5
Stealth        | |  1.5

Action                     |  1- 3 |  4- 6 |  7- 9 | 10-12 | 13-15 | 16-18 | 19-21 || total
---------------------------+-------+-------+-------+-------+-------+-------+-------++-------
  Melee: Dagger            |     4 |     2 |    26 |    80 |   146 |    31 |       ||   289
         Punch             |       |       |       |       |     2 |     1 |       ||     3
         Long sword        |       |       |       |       |       |   295 |     2 ||   297
         Staff             |       |       |       |       |       |     7 |       ||     7
         Scimitar          |       |       |       |       |       |    20 |   110 ||   130
  Throw: Dart              |       |       |     7 |    25 |     9 |     4 |       ||    45
         Throwing net      |       |       |       |       |     1 |       |       ||     1
   Cast: Magic Dart        |    41 |    45 |    16 |    14 |    26 |     1 |       ||   143
         Call Imp          |     7 |    13 |    17 |    35 |    34 |       |       ||   106
         Necrotise         |    18 |    41 |    28 |    12 |       |     2 |       ||   101
         Scorch            |       |    21 |    98 |   321 |   434 |   468 |   130 ||  1472
         Mephitic Cloud    |       |       |     7 |    32 |    46 |    56 |     8 ||   149
         Tukima's Dance    |       |       |     6 |    16 |    10 |     4 |       ||    36
         Animate Dead      |       |       |     3 |    14 |    23 |     7 |     1 ||    48
         Blink             |       |       |       |     2 |     6 |     1 |       ||     9
         Animate Armour    |       |       |       |     1 |     3 |     1 |       ||     5
         Summon Mana Viper |       |       |       |       |    96 |   111 |    23 ||   230
         Slow              |       |       |       |       |     1 |       |       ||     1
         Eringya's Noxious |       |       |       |       |    15 |    21 |     3 ||    39
         Malign Gateway    |       |       |       |       |       |     7 |     7 ||    14
         Starburst         |       |       |       |       |       |       |     1 ||     1
  Evoke: Wand              |       |       |       |       |     5 |       |       ||     5
         Tin of tremorston |       |       |       |       |     2 |     2 |       ||     4
         Lightning rod     |       |       |       |       |       |     8 |     1 ||     9
    Use: Scroll            |       |     3 |     1 |    10 |    15 |     9 |     2 ||    40
         Potion            |       |       |       |       |     2 |     1 |     1 ||     4
   Stab: Sleeping          |       |     1 |       |       |     1 |       |     2 ||     4
         Confused          |       |       |     2 |     6 |     3 |     7 |     4 ||    22
         Distracted        |       |       |       |       |       |     4 |     3 ||     7
 Armour: Robe              |     4 |    13 |    12 |    55 |   175 |   454 |    98 ||   811
         Leather armour    |       |       |       |       |    11 |       |       ||    11
         Skin              |       |       |       |       |       |    12 |     4 ||    16
  Dodge: Dodged            |     9 |    16 |    31 |   103 |   266 |   593 |    92 ||  1110
  Block: Buckler           |       |       |       |       |       |   118 |       ||   118
         Kite shield       |       |       |       |       |       |    14 |    59 ||    73
         Reflection        |       |       |       |       |       |     1 |     9 ||    10
